Map: Romanticide LE

Players

Astrea

  • Race: Protoss Protoss
  • League: Master
  • Spawn Location: 5:00

Solar - Winner!

  • Race: Zerg Zerg
  • League: Master
  • Spawn Location: 11:00

Event: Cheeseadelphia Winter Championship 2021

VOD

Have the link to the VOD?

Description

Time

  • Played on: Jan. 24, 2021, 4:45 p.m.
  • Length: 11:19

All games in this series

Show
View Real Time Build Order
Export as new Build Order

Astrea Protoss 

Build Orders: Nexus First 

Get SALT Encoding   

  12  0:00  Probe  
  13  0:12  Probe  
  14  0:18  Pylon  
  14  0:24  Probe  
  15  0:36  Probe  
  16  0:48  Probe  
  17  0:57  Nexus  
  17  1:03  Probe  
  18  1:11  Gateway  
  18  1:15  Probe (Chrono Boost)  
  19  1:19  Assimilator  
  19  1:24  Probe (Chrono Boost)  
  20  1:27  Assimilator  
  20  1:29  Probe (Chrono Boost)  
  21  1:41  Probe  
  22  1:48  Gateway  
  22  1:53  Probe  
  23  1:58  Cybernetics Core  
  23  2:10  Pylon  
  23  2:11  Probe (Chrono Boost)  
  23  2:14  Probe (Chrono Boost)  
  25  2:20  Probe (Chrono Boost)  
  27  2:23  Probe (Chrono Boost)  
  27  2:25  Probe (Chrono Boost)  
  28  2:33  Probe  
  28  2:34  Adept (Chrono Boost)  
  28  2:35  Adept (Chrono Boost)  
  31  2:37  Probe  
  31  2:41  Warp Gate  
  34  2:45  Probe  
  34  2:49  Probe  
  34  2:50  Shield Battery  
  36  2:57  Probe  
  37  2:58  Sentry  
  37  2:59  Sentry  
  37  3:01  Probe  
  42  3:09  Probe  
  43  3:13  Pylon, Probe  
  44  3:24  Nexus  
  44  3:26  Probe x2  
  46  3:31  Sentry x2  
  50  3:34  Shield Battery  
  50  3:36  Pylon  
  50  3:40  Probe (Chrono Boost)  
  52  3:44  Probe (Chrono Boost)  
  52  3:45  Robotics Facility  
  52  3:48  Probe (Chrono Boost)  
  53  3:51  Probe (Chrono Boost)  
  53  3:54  Probe  
  53  3:55  Assimilator  
  54  4:02  Probe  
  56  4:06  Probe  
  57  4:14  Probe  
  58  4:18  Probe  
  58  4:23  Gateway  
  59  4:24  Gateway  
  59  4:26  Probe  
  59  4:28  Gateway x2  
  59  4:30  Probe  
  61  4:33  Immortal (Chrono Boost)  
  65  4:38  Probe x2  
  65  4:42  Gateway  
  65  4:44  Gateway  
  67  4:47  Probe  
  67  4:50  Probe x2  
  70  4:54  Sentry x2, Pylon  
  74  5:01  Probe  
  74  5:03  Probe  
  76  5:11  Pylon  
  76  5:12  Warp Prism (Chrono Boost)  
  78  5:22  Stalker x3  
  84  5:29  Stalker  
  84  5:30  Stalker x2  
  84  5:31  Pylon  
  84  5:35  Pylon  
  90  5:36  Probe x2  
  90  5:37  Probe  
  93  5:45  Pylon  
  93  5:48  Observer  
  93  5:49  Stalker  
  96  5:51  Stalker x2  
  96  5:54  Assimilator  
  100  5:57  Assimilator  
  100  6:01  Probe x3  
  100  6:04  Assimilator  
  103  6:11  Forge  
  103  6:12  Twilight Council  
  103  6:14  Probe x3  
  103  6:15  Pylon  
  104  6:26  Protoss Ground Weapons Level 1 (Chrono Boost)  
  104  6:28  Stalker x3  
  108  6:42  Immortal (Chrono Boost)  
  108  6:46  Blink (Chrono Boost)  
  112  6:48  Stalker  
  112  6:50  Stalker  
  112  6:51  Nexus  
  117  6:54  Probe x3  
  117  6:57  Pylon  
  117  6:58  Pylon  
  119  7:06  Probe  
  119  7:07  Probe  
  119  7:08  Probe  
  122  7:12  Pylon x2  
  122  7:14  Immortal (Chrono Boost)  
  126  7:16  Robotics Facility  
  126  7:17  Robotics Bay  
  126  7:18  Probe  
  127  7:25  Probe  
  127  7:26  Probe  
  129  7:30  Shield Battery  
  129  7:32  Shield Battery  
  129  7:33  Probe  
  130  7:38  Probe x2  
  132  7:52  Stalker x8  
  132  7:54  Photon Cannon  
  132  7:57  Pylon  
  132  7:58  Probe x3  
  150  8:00  Pylon  
  150  8:01  Assimilator  
  151  8:11  Disruptor x2 (Chrono Boost)  
  151  8:19  Stalker x5  
  163  8:27  Stalker x3  
  163  8:30  Protoss Ground Weapons Level 2 (Chrono Boost)  
  163  8:33  Assimilator  
  169  8:35  Pylon  
  169  8:36  Pylon  
  169  8:40  Observer  
  163  8:57  Zealot x8  
  163  9:00  Disruptor x2  
  173  9:20  Templar Archives  
  168  9:37  Nexus  
  149  9:38  Disruptor x2  
  140  9:51  Zealot x8  
  154  9:59  Pylon  
  150  10:08  Gateway  
  150  10:10  Gateway, Photon Cannon  
  150  10:11  Photon Cannon  
  150  10:14  Disruptor x2 (Chrono Boost)  
  150  10:16  Pylon  
  150  10:17  Zealot x8  
  143  10:37  Stalker  
  143  10:38  Stalker x6  
  137  11:01  Zealot x6  
  136  11:04  Observer (Chrono Boost)  
Show
View Real Time Build Order
Export as new Build Order

Solar Zerg - Winner!

Build Orders: Hatch First, Lurkers, Roach Hydra 

Get SALT Encoding   

  12  0:00  Drone  
  13  0:12  Overlord  
  13  0:17  Drone  
  14  0:30  Drone x2  
  16  0:47  Hatchery  
  15  0:51  Drone  
  15  0:54  Drone  
  17  0:58  Drone  
  18  1:08  Extractor  
  17  1:14  Spawning Pool  
  17  1:16  Drone  
  17  1:20  Drone  
  18  1:29  Drone  
  19  1:39  Drone  
  20  1:49  Overlord  
  20  2:01  Zergling x4, Queen x2  
  26  2:11  Drone x2  
  28  2:20  Drone  
  28  2:21  Drone  
  30  2:32  Hatchery, Drone  
  30  2:35  Metabolic Boost  
  30  2:38  Drone  
  31  2:45  Queen  
  31  2:49  Overlord  
  33  2:52  Drone  
  33  2:55  Drone  
  33  2:57  Drone  
  35  3:08  Zergling x2  
  35  3:09  Zergling x2  
  35  3:10  Drone x3  
  40  3:15  Zergling x2  
  40  3:19  Overlord  
  41  3:21  Queen  
  41  3:24  Overlord  
  43  3:35  Overlord  
  43  3:38  Drone x2  
  45  3:41  Drone  
  45  3:42  Drone x5  
  45  3:46  Drone  
  52  3:49  Drone  
  52  3:51  Drone  
  54  3:56  Roach Warren, Drone  
  54  4:02  Overlord, Drone  
  55  4:05  Lair  
  55  4:08  Drone  
  56  4:10  Drone  
  56  4:11  Extractor  
  56  4:12  Extractor  
  56  4:13  Drone x3  
  56  4:15  Drone  
  58  4:18  Overlord  
  58  4:19  Drone x2  
  58  4:21  Drone  
  61  4:26  Drone x2  
  61  4:27  Drone x2  
  61  4:28  Drone  
  61  4:31  Drone  
  67  4:37  Drone, Evolution Chamber  
  68  4:38  Drone  
  68  4:41  Extractor  
  68  4:42  Extractor, Drone  
  67  4:48  Drone x2  
  69  4:53  Drone x3  
  69  4:54  Drone x3  
  69  4:56  Extractor  
  74  5:00  Drone x3  
  74  5:01  Overlord  
  74  5:02  Drone  
  74  5:03  Zerg Missile Weapons Level 1, Glial Reconstitution  
  74  5:04  Overseer  
  74  5:05  Drone x2  
  80  5:14  Drone  
  80  5:17  Drone  
  80  5:18  Hatchery  
  80  5:21  Roach x4  
  89  5:22  Roach  
  89  5:25  Roach x2  
  89  5:28  Overlord  
  95  5:32  Overlord, Infestation Pit  
  95  5:34  Zergling x4  
  95  5:37  Zergling x4  
  95  5:39  Overlord  
  95  5:41  Ravager  
  95  5:42  Overlord  
  98  5:43  Overlord  
  98  5:47  Ravager x2  
  98  5:48  Ravager x2  
  103  5:52  Roach x3  
  103  5:53  Roach  
  103  5:54  Roach  
  112  5:59  Overlord x2, Ravager  
  112  6:02  Zergling x4  
  112  6:03  Roach  
  117  6:06  Hatchery  
  117  6:08  Hydralisk Den  
  117  6:09  Zergling x6  
  117  6:10  Zergling x4  
  120  6:15  Zergling x2  
  120  6:16  Zergling x2  
  121  6:21  Overlord  
  121  6:23  Roach  
  121  6:24  Drone  
  122  6:26  Drone x2  
  122  6:27  Zergling x2  
  122  6:28  Drone, Hive  
  122  6:29  Extractor, Drone  
  122  6:31  Extractor, Roach  
  126  6:33  Zergling x4  
  126  6:37  Zergling x4  
  128  6:40  Lurker Den  
  128  6:41  Drone x2  
  128  6:44  Overlord  
  128  6:46  Drone  
  130  6:50  Drone  
  130  6:57  Drone  
  131  7:02  Overlord  
  131  7:04  Hydralisk  
  131  7:05  Hydralisk x2  
  131  7:07  Hydralisk x2  
  140  7:14  Drone x3  
  140  7:15  Overlord  
  143  7:16  Hydralisk x3, Spore Crawler  
  143  7:20  Drone  
  143  7:21  Zergling x2  
  150  7:23  Pneumatized Carapace  
  150  7:24  Zerg Missile Weapons Level 2  
  150  7:25  Overseer  
  150  7:26  Zergling x4  
  152  7:32  Overlord  
  152  7:42  Seismic Spines  
  151  7:45  Drone  
  151  7:47  Drone  
  151  7:49  Drone  
  151  7:51  Drone  
  154  7:54  Lurker x5  
  154  7:57  Lurker  
  160  8:00  Zergling x10, Hatchery  
  160  8:02  Lurker  
  165  8:06  Overlord  
  165  8:15  Drone x3  
  165  8:16  Viper  
  165  8:18  Overlord x2  
  171  8:20  Viper  
  171  8:24  Drone x2  
  175  8:31  Lurker  
  175  8:33  Grooved Spines  
  174  8:34  Hydralisk x3  
  174  8:35  Zergling x10  
  174  8:36  Unknown  
  174  8:39  Overlord  
  174  8:40  Adaptive Talons  
  183  8:42  Zergling x10  
  183  8:44  Hydralisk x2  
  185  8:50  Zergling x10, Roach x3  
  185  8:53  Hydralisk  
  183  9:00  Hydralisk x2  
  187  9:05  Lurker x2  
  187  9:06  Spore Crawler  
  187  9:08  Zergling x16  
  196  9:11  Overlord  
  196  9:14  Overlord  
  196  9:16  Roach x3  
  191  9:28  Hydralisk x5  
  191  9:37  Hydralisk x5  
  174  9:42  Queen  
  174  9:43  Hydralisk  
  174  9:44  Zergling x2, Muscular Augments  
  174  9:45  Zergling x2  
  169  9:46  Hydralisk x2  
  169  9:49  Hydralisk x3, Drone x3  
  180  9:56  Zergling x6  
  180  9:57  Hydralisk x2  
  187  10:01  Lurker x2  
  187  10:05  Lurker x3  
  187  10:06  Lurker  
  192  10:07  Zergling x2  
  192  10:08  Zergling x4  
  194  10:15  Roach x2  
  194  10:19  Hydralisk x2  
  194  10:20  Zergling x2  
  194  10:21  Zergling x10  
  199  10:24  Hydralisk x3  
  199  10:25  Zergling x2  
  199  10:26  Zergling x4  
  192  10:29  Roach x2  
  192  10:33  Roach x3  
  193  10:38  Hydralisk x3  
  192  10:46  Hydralisk  
  192  10:47  Hydralisk  
  194  10:51  Hydralisk x4  
  188  11:03  Overseer  
  188  11:04  Drone x2  
Tags
 
Add a new tag
Caveats
  • Supply blocks, unpowered buildings, or Contaminate may cause inaccurate times.
  • Supply counts are checked every 10 seconds.